Build Orders - Match 35252796 - cohdb - Company of Heroes 3 Replays
cohdb
Replays
Latest Replays
All Replays
Popular Replays
Top Player Replays
Match Explorer
How It Works
Community
CoH3 Stats
Reddit
Sign in to upload your games and track your stats! →
Sign in with Steam
Match 35252796
Unlisted
Match 35252796
Overview
Messages
Build Orders
End
Pioneer Squad
Pioneer Squad
Selects Luftwaffe Battlegroup
Selects Luftwaffe Pioneer Support
Fallschirmpioneer Squad Paradrop
Construct Infanterie Kompanie
Grenadier Squad
Grenadier Squad
Construct Luftwaffe Kompanie
221 Scout Car
Selects Reconnaissance Run
Selects Fallschirmjäger Squad Paradrop
MG 42 Machine Gun Team
Construct Panzer Kompanie
Medical Bunker
MG 42 Machine Gun Team
Fallschirmjäger Squad Paradrop
Selects LG40 Recoilless Gun Paradrop
Panzer IV Medium Tank
Selects Infantry Reserves
Panzer IV Medium Tank
Selects Fragmentation Bombs
Fragmentation Bombs
Fallschirmjäger Squad Paradrop
Panzer IV Medium Tank
Fragmentation Bombs
Alpenwell
MasterStef
0
0
Comments
sign in to comment!
No comments posted yet!